 Dungeon Crawl Stone Soup version 0.22-a0-614-g34fbaa0 (webtiles) character file.

10406 Lianjan the Martial Artist (level 11, -6/110 HPs)
             Began as a Troll Monk on July 11, 2018.
             Was the Champion of Jiyva.
             Mangled by a spriggan rider
             ... wielding the +6 trident "Grom" {protect, +Inv rElec Str+5}
              (22 damage)
             ... on level 2 of the Lair of Beasts.
             The game lasted 00:23:44 (9489 turns).

Lianjan the Martial Artist (Troll Monk)             Turns: 9489, Time: 00:23:45

Health: -6/110     AC:  6    Str: 10    XL:     11   Next: 35%
Magic:  10/10      EV: 13    Int:  7    God:    Jiyva [******]
Gold:   430        SH: 16    Dex: 27    Spells: 10/10 levels left

rFire    + + .     SeeInvis +     - Unarmed
rCold    + + .     Gourm    +   u - +0 large shield
rNeg     . . .     Faith    .   n - +0 robe {rC+}
rPois    .         Spirit   .   (helmet restricted)
rElec    .         Reflect  .   (no cloak)
rCorr    +         Harm     .   (gloves unavailable)
MR       .....     Rnd*Rage +   (boots unavailable)
Stlth    ++........             (no amulet)
HPRegen  0.68/turn              v - +2 ring of dexterity (curse)
MPRegen  0.12/turn              C - ring of protection from cold

@: berserk cooldown, hasted and slowed
A: large, unfitting armour, claws 3, hooves 1, yellow scales 1, see invisible,
berserk 1, deformed body, fire resistance 2, fast metabolism 3, gourmand,
regeneration 1, shaggy fur 1, tough skin 2, jelly absorbing missiles
a: Request Jelly, Slimify, Cure Bad Mutation, Renounce Religion


You were on level 2 of the Lair of Beasts.
You worshipped Jiyva.
Jiyva was exalted by your worship.
You were completely stuffed.

You visited 3 branches of the dungeon, and saw 12 of its levels.

You collected 430 gold pieces.

Inventory:

Hand Weapons
 D - a +1 scimitar of flaming
Missiles
 s - 4 large rocks (quivered)
 x - 5 tomahawks
Armour
 a - a +0 robe
 n - a +0 robe of cold resistance (worn)
 u - a +0 large shield (worn)
Jewellery
 k - an uncursed ring of positive energy
 t - an uncursed ring of positive energy
 v - a cursed +2 ring of dexterity (left claw)
 A - an uncursed ring of protection from fire
 C - a ring of protection from cold (right claw)
Wands
 y - a wand of acid (7)
 B - a wand of disintegration (23)
Scrolls
 d - 3 scrolls of fog {unknown}
 h - a scroll of amnesia
 i - 4 scrolls of teleportation
 j - a scroll of blinking {unknown}
 m - 3 scrolls of identify
 q - 2 scrolls of remove curse
 z - a scroll of magic mapping {unknown}
Potions
 c - 2 potions of lignification
 e - 2 potions of agility
 f - 2 potions of resistance
 g - 2 potions of haste
 l - 7 potions of curing
 o - 3 potions of degeneration
 r - a potion of flight
 w - a potion of invisibility {unknown}
Comestibles
 b - 18 rations
 E - 6 chunks of flesh


   Skills:
 + Level 7.7 Fighting
 + Level 5.6 Dodging
 - Level 1.0 Stealth
 + Level 8.9 Shields
 + Level 10.5 Unarmed Combat


You had 10 spell levels left.
You didn't know any spells.
Your spell library contained the following spells:

 Spells                   Type           Power        Failure   Level  Hunger
 Apportation              Tloc           #.....       86%         1    ##.....
 Invisibility             Hex            #.......     100%        6    #######
 Throw Frost              Conj/Ice       #.....       95%         2    ###....
 Mephitic Cloud           Conj/Pois/Air  #.......     99%         3    ####...
 Venom Bolt               Conj/Pois      #.........   100%        5    ######.
 Olgreb's Toxic Radiance  Pois           #.......     100%        4    #####..
 Summon Small Mammal      Summ           #...         86%         1    ##.....
 Freeze                   Ice            #...         86%         1    ##.....
 Summon Ice Beast         Ice/Summ       #.......     100%        4    #####..
 Ozocubu's Armour         Chrm/Ice       #.......     99%         3    ####...
 Call Imp                 Summ           #.......     95%         2    ###....
 Sting                    Conj/Pois      #...         86%         1    ##.....
 Tukima's Dance           Hex            #.......     99%         3    ####...
 Throw Icicle             Conj/Ice       #.......     100%        4    #####..
 Call Canine Familiar     Summ           #.......     99%         3    ####...
 Summon Butterflies       Summ           #.......     86%         1    ##.....
 Alistair's Intoxication  Tmut/Pois      #.......     100%        5    ######.
 Summon Lightning Spire   Summ/Air       #.......     100%        4    #####..
 Summon Guardian Golem    Hex/Summ       #.......     99%         3    ####...
 Lesser Beckoning         Tloc           #.........   99%         3    ####...
 Poisonous Vapours        Pois/Air       #.....       95%         2    ###....


Dungeon Overview and Level Annotations

Branches:
Dungeon (9/15)             Temple (1/1) D:4            Lair (2/6) D:8
    Orc (0/2) D:9
  Swamp: Lair:2-4    Shoals: Lair:2-4     Snake: Lair:2-4    Spider: Lair:2-4

Altars:
Ashenzari
Cheibriados
Elyvilon
Gozag
Hepliaklqana
Kikubaaqudgha
Makhleb
Nemelex Xobeh
Okawaru
Qazlal
Ru
Sif Muna
Uskayaw
Vehumet
Xom
Zin
The Shining One
Jiyva

Annotations:
D:3 1 runed door, domi's ghost, amateur VSAs


Innate Abilities, Weirdness & Mutations

You are too large for most types of armour.
You have claws for hands.
Your metabolism is lightning-fast.
You like to eat raw meat.
Your natural rate of healing is unusually fast.
You are covered in fur. (AC +1)
You have very tough skin. (AC +2)
You have large cloven feet.
You are partially covered in yellow scales. (AC +2)
You have supernaturally acute eyesight. (SInv)
You tend to lose your temper in combat.
Armour fits poorly on your strangely shaped body.
Your flesh is very heat resistant. (rF++)
You have a small jelly attached to you that may absorb incoming projectiles.


Message History

Press: ? - help, Shift-Dir - straight line, f - fungus
Aim: a fungus (heavily damaged)
The bolt of acid misses the spriggan.
The bolt of acid hits the spriggan rider.
The spriggan rider is splashed with acid.
The acid corrodes the spriggan rider!
The spriggan rider is lightly wounded.
The spriggan rider hits you from afar with an ichor-stained trident {protect}!!
* * * LOW HITPOINT WARNING * * *
The spriggan hits you but does no damage.
The spriggan rider hits you from afar with an ichor-stained trident {protect}!
* * * LOW HITPOINT WARNING * * *
Okay, then.
You feel much better. You block the spriggan's attack. x2
The spriggan rider hits you from afar with an ichor-stained trident {protect}!
* * * LOW HITPOINT WARNING * * *
You block the spriggan's attack.
You feel yourself speed up. The spriggan closely misses you.
The spriggan rider hits you from afar with an ichor-stained trident {protect}!!
You die...

#..#####♣♣..♣.♣#J..#.............
...#...#.♣♣ ♣P$♣#J.#.............
#.........♣♣♣♣♣.♣.P.......>......
.............♣♣♣♣.............##.
.................#.#####.......##
........................#.....###
..#............iii.............#P
........###.###...........J......
........# ### #.@#........PPP.P.#
........# #..#......P.#......
#.......# #.........#.......#
........## #..#..............#
.........######..##..#......##...
.................................
.................................
.................................
.........................>....###


You could see a spriggan rider, 2 spriggans and a neutral jelly (fellow slime).

Vanquished Creatures
  The ghost of Orin the Black Belt, a journeyman OpMo of Makhleb (Lair:2)
  Erica (D:8)
  A two-headed ogre (D:8)
  Pikel (D:9)
  A black mamba (Lair:1)
  2 spiny frogs
  2 komodo dragons
  Grinder (D:4)
  2 hippogriffs
  A shadow (D:9)
  A wyvern (D:8)
  A hungry ghost (D:9)
  A porcupine (Lair:1)
  5 water moccasins
  A sky beast (D:5)
  2 slaves (D:8)
  A black bear (D:4)
  3 ice beasts
  3 orc warriors
  8 wolves (Lair:2)
  A hornet zombie (D:6)
  3 ogres
  3 phantoms
  4 centaurs
  2 crocodiles (Lair:2)
  7 bullfrogs
  A gnoll sergeant (D:7)
  A scorpion (D:8)
  5 killer bees
  3 wights (D:7)
  2 bullfrog zombies
  2 quasits
  A centaur skeleton (D:9)
  7 hounds
  2 bullfrog skeletons
  A centaur zombie (D:3)
  5 orc priests
  11 orc wizards
  2 iguanas
  7 worker ants
  A hound skeleton (D:5)
  6 gnolls
  11 adders
  A shadow imp (D:8)
  An ooze (D:4)
  11 dart slugs
  3 leopard geckos
  30 orcs
  2 ball pythons
  8 bats
  8 giant cockroaches
  5 hobgoblins
  3 jackals (D:5)
  4 kobolds
  2 quokkas
  A frilled lizard (D:2)
  6 goblins
  A leopard gecko skeleton (D:8)
  2 quokka skeletons
  8 rats
223 creatures vanquished.

Vanquished Creatures (collateral kills)
  A komodo dragon (Lair:1)
1 creature vanquished.

Vanquished Creatures (others)
  A hornet (D:8)
  A polar bear (Lair:2)
  A slave (D:8)
  An orc warrior (D:6)
  A centaur (D:8)
  A crocodile (D:8)
  A bullfrog (Lair:2)
  4 killer bees
  5 wights
  23 jellies
  3 orc wizards
  An orc priest (D:8)
  A bullfrog skeleton (D:9)
  2 worker ants (D:8)
  A hound skeleton (D:8)
  A worker ant zombie (D:8)
  2 gnolls (D:6)
  An adder (D:7)
  5 orcs
  5 jackals
  A ball python (D:8)
  2 fungi (Lair:2)
  4 plants (Lair:2)
68 creatures vanquished.

Grand Total: 292 creatures vanquished

Notes
Turn   | Place    | Note
-------+----------+-------------------------------------------
     0 | D:1      | Lianjan the Troll Monk began the quest for the Orb.
     0 | D:1      | Reached XP level 1. HP: 22/22 MP: 0/0
   118 | D:1      | Reached XP level 2. HP: 29/29 MP: 1/1
   420 | D:1      | Reached skill level 4 in Unarmed Combat
   782 | D:2      | Reached XP level 3. HP: 29/36 MP: 2/2
   896 | D:2      | Found a stormy altar of Qazlal.
   907 | D:2      | Noticed a phantom
   915 | D:2      | Killed a phantom
   915 | D:2      | Reached skill level 5 in Unarmed Combat
   915 | D:2      | Reached XP level 4. HP: 44/44 MP: 3/3
  1506 | D:3      | Reached XP level 5. HP: 49/50 MP: 4/4
  1794 | D:3      | Found a runed door.
  1798 | D:3      | Noticed domi's ghost (amateur VSAs)
  1908 | D:3      | Reached skill level 6 in Unarmed Combat
  2089 | D:4      | Reached skill level 1 in Shields
  2092 | D:4      | Reached XP level 6. HP: 41/59 MP: 5/5
  2382 | D:4      | Found a staircase to the Ecumenical Temple.
  2456 | Temple   | Entered the Ecumenical Temple
  2472 | Temple   | Became a worshipper of Jiyva Jyothros the Shapeless
  2472 | Temple   | Reached * piety under Jiyva
  2472 | Temple   | Reached ** piety under Jiyva
  2974 | D:4      | Noticed Grinder
  3003 | D:4      | Killed Grinder
  3003 | D:4      | Reached XP level 7. HP: 66/67 MP: 6/6
  3226 | D:5      | Entered Level 5 of the Dungeon
  3226 | D:5      | Found a snail-covered altar of Cheibriados.
  3226 | D:5      | Found a shattered altar of Ashenzari.
  3226 | D:5      | Found a sacrificial altar of Ru.
  3226 | D:5      | Found a sparkling altar of Nemelex Xobeh.
  3229 | D:5      | Found a hide-covered altar of Uskayaw.
  3229 | D:5      | Found a shimmering altar of Xom.
  3373 | D:5      | Reached skill level 7 in Unarmed Combat
  3575 | D:5      | Reached XP level 8. HP: 75/78 MP: 7/7
  3580 | D:5      | Found a shattered altar of Ashenzari.
  3791 | D:5      | Found a burning altar of Makhleb.
  4019 | D:5      | Reached *** piety under Jiyva
  4109 | D:6      | Reached skill level 5 in Shields
  4231 | D:6      | Gained mutation: You have supernaturally acute eyesight. (SInv) [Jiyva's grace]
  4792 | D:7      | Reached skill level 5 in Fighting
  4802 | D:7      | Noticed a hippogriff
  4809 | D:7      | Killed a hippogriff
  4809 | D:7      | Reached skill level 8 in Unarmed Combat
  4809 | D:7      | Reached XP level 9. HP: 59/88 MP: 8/8
  5186 | D:7      | Gained mutation: Armour fits poorly on your strangely shaped body. [Jiyva's grace]
  5194 | D:7      | Reached **** piety under Jiyva
  5224 | D:7      | Found a hazy altar of Hepliaklqana.
  5397 | D:6      | Gained mutation: You have a small jelly attached to you that may absorb incoming projectiles. [Jiyva's grace]
  5539 | D:7      | Reached ***** piety under Jiyva
  5818 | D:7      | Lost mutation: Armour fits poorly on your strangely shaped body. [Jiyva's grace]
  6351 | D:8      | Gained mutation: You have a small jelly attached to you that senses nearby items. [Jiyva's grace]
  6378 | D:8      | Noticed a two-headed ogre
  6554 | D:8      | Gained mutation: Your rubbery body absorbs attacks. (AC +1, EV +1) [Jiyva's grace]
  6599 | D:8      | Found a deep blue altar of Sif Muna.
  6613 | D:8      | Found an ancient bone altar of Kikubaaqudgha.
  6634 | D:8      | Found a radiant altar of Vehumet.
  6763 | D:8      | Noticed Erica
  6775 | D:8      | Killed Erica
  6775 | D:8      | Reached skill level 9 in Unarmed Combat
  6775 | D:8      | Reached XP level 10. HP: 76/98 MP: 9/9
  7012 | D:8      | Found a staircase to the Lair.
  7462 | D:8      | Killed a two-headed ogre
  7633 | D:9      | Noticed Pikel
  7664 | D:8      | Paralysed by a hornet for 2 turns
  7897 | D:9      | Killed Pikel
  7942 | D:9      | Gained mutation: Your flesh is heat resistant. (rF+) [Jiyva's grace]
  7947 | D:9      | Reached ****** piety under Jiyva
  8047 | D:9      | Found a staircase to the Orcish Mines.
  8054 | D:9      | Found a glowing silver altar of Zin.
  8159 | Lair:1   | Entered Level 1 of the Lair of Beasts
  8161 | Lair:1   | Lost mutation: Your rubbery body absorbs attacks. (AC +1, EV +1) [potion of mutation]
  8161 | Lair:1   | Gained mutation: You have large cloven feet. [potion of mutation]
  8161 | Lair:1   | Gained mutation: You have a pair of small horns on your head. [potion of mutation]
  8162 | Lair:1   | Lost mutation: You have a small jelly attached to you that senses nearby items. [potion of mutation]
  8162 | Lair:1   | Lost mutation: You have a pair of small horns on your head. [potion of mutation]
  8162 | Lair:1   | Gained mutation: Armour fits poorly on your strangely shaped body. [potion of mutation]
  8162 | Lair:1   | Gained mutation: You tend to lose your temper in combat. [potion of mutation]
  8162 | Lair:1   | Gained mutation: You are partially covered in yellow scales. (AC +2) [potion of mutation]
  8406 | Lair:1   | Reached skill level 10 in Unarmed Combat
  8585 | Lair:1   | Noticed a spiny frog
  8597 | Lair:1   | Killed a spiny frog
  8597 | Lair:1   | Reached skill level 5 in Dodging
  8597 | Lair:1   | Reached XP level 11. HP: 89/109 MP: 10/10
  9000 | Lair:2   | Gained mutation: Your flesh is very heat resistant. (rF++) [Jiyva's grace]
  9402 | Lair:2   | Found a runed door.
  9403 | Lair:2   | Noticed Orin's ghost (journeyman OpMo)
  9404 | Lair:2   | Noticed a spriggan rider
  9480 | Lair:2   | Killed Orin's ghost
  9489 | Lair:2   | Identified the +6 trident "Grom" {protect, +Inv rElec Str+5}
  9489 | Lair:2   | Mangled by a spriggan rider

Vault maps used:
D:1:      dpeg_arrival_erosion
D:2:      nicolae_overflow_crystal_walls, corexii_hall_statues_u
D:3:      ebering_ghost_sewer_d
D:4:      temple_hall, uniq_grinder
D:5:      kennysheep_slugbush, grunt_temple_overflow_open,
          makhleb_blood_cavern_becter, first_ration, ashenzari_altar_1
D:6:      hangedman_minor_gate_pass
D:7:      kennysheep_little_box
D:8:      palyth_temple_overflow_mages, lair_entry_dummy, uniq_erica
D:9:      lemuel_doored_altar, orc_0_dummy, uniq_pikel
Temple:   pf_slime_end_temple
Lair:1:   infiniplex_staircase_pool_2
Lair:2:   ebering_ghost_funeral_grove, columned_hall_lemuel, lemuel_fruit_tree

Skill      XL: |  1  2  3  4  5  6  7  8  9 10 |
---------------+-------------------------------+-----
Unarmed Combat | 4 5 6 7 8 9 10 | 10.5
Shields        | 1 3 4 6 7 8 |  8.9
Fighting       | 3 4 5 6 7 |  7.7
Dodging        | 3 5 |  5.6
Stealth        | |  1.0

Action                   |  1- 3 |  4- 6 |  7- 9 | 10-12 || total
-------------------------+-------+-------+-------+-------++-------
Melee: Unarmed           |    47 |   145 |   378 |   247 ||   817
       Punch             |       |     2 |       |       ||     2
       Kick              |       |       |       |    58 ||    58
Invok: Slimify           |       |       |     1 |       ||     1
Evoke: Wand              |       |       |       |     3 ||     3
  Use: Scroll            |       |    14 |       |     2 ||    16
       Potion            |       |       |       |     5 ||     5
 Stab: Sleeping          |     1 |     2 |     3 |     2 ||     8
       Distracted        |       |       |       |     1 ||     1
  Eat: Chunk             |    14 |    14 |    20 |    13 ||    61
Armor: Robe              |    26 |    48 |    48 |    34 ||   156
Dodge: Dodged            |    22 |    60 |    75 |    69 ||   226
Block: Large shield      |       |    64 |   273 |   229 ||   566

Table legend:
 A = Spawn XP
 B = Non-spawn XP
 C = Spawn XP percentage of total XP
 D = Spawn monster count
 E = Non-spawn monster count
 F = Spawn count percentage of total count
 G = Total turns spent on level
                    A         B        C        D         E        F      G
               +---------+---------+-------+---------+---------+-------+---------
         Total |       0 |   14867 |   0.0 |       0 |     227 |   0.0 |  9489
               +---------+---------+-------+---------+---------+-------+---------
           D:1 |       0 |      39 |   0.0 |       0 |      20 |   0.0 |   776
           D:2 |       0 |     151 |   0.0 |       0 |      13 |   0.0 |   671
           D:3 |       0 |      88 |   0.0 |       0 |      19 |   0.0 |   576
           D:4 |       0 |     755 |   0.0 |       0 |      28 |   0.0 |  1233
           D:5 |       0 |     828 |   0.0 |       0 |      34 |   0.0 |   766
           D:6 |       0 |     773 |   0.0 |       0 |      15 |   0.0 |   819
           D:7 |       0 |    1539 |   0.0 |       0 |      25 |   0.0 |  1592
           D:8 |       0 |    3102 |   0.0 |       0 |      29 |   0.0 |  1359
           D:9 |       0 |    1676 |   0.0 |       0 |      16 |   0.0 |   336
        Lair:1 |       0 |    2608 |   0.0 |       0 |      12 |   0.0 |   806
        Lair:2 |       0 |    3308 |   0.0 |       0 |      16 |   0.0 |   524
               +---------+---------+-------+---------+---------+-------+---------
